 Dungeon Crawl Stone Soup version 0.25.1-2-g60ff931df9 (webtiles) character file.

Game seed: 1620818635718300686

366850 Erymatos the Conqueror (level 21, -5/224 HPs)
             Began as a Minotaur Berserker on Nov 10, 2020.
             Was the Champion of Trog.
             Slain by an acid blob (19 damage)
             ... created by the Royal Jelly
             ... on level 5 of the Pits of Slime on Nov 11, 2020.
             The game lasted 03:04:43 (54079 turns).

Erymatos the Conqueror (Minotaur Berserker)        Turns: 54079, Time: 03:04:43

Health: -5/224     AC: 13    Str: 30    XL:     21   Next: 61%
Magic:  18/18      EV: 24    Int:  4    God:    Trog [******]
Gold:   2773       SH: 18    Dex: 25    Spells: 20/20 levels left

rFire    . . .     SeeInvis .   F - +9 whip "Nigoga Fiary" {drain, rElec rC++ MR+}
rCold    + + +     Gourm    .   W - +2 kite shield {reflect}
rNeg     . . .     Faith    .   x - +4 chain mail of the Spider Nest {rPois rC++}
rPois    +         Spirit   .   o - +0 hat of Vampiric Thralls {+Inv Dex+4 Slay+4 Stlth-}
rElec    +         Reflect  +   f - +2 cloak {rC+}
rCorr    +         Harm     .   C - +2 pair of gloves {Dex+3}
MR       +++++                  (no boots)
Stlth    ..........             n - amulet of the acrobat
HPRegen  0.47/turn              E - +6 ring of dexterity
MPRegen  0.16/turn              I - ring "Ubloca Erias" {*Contam MR+++ rCorr Str+8 Dex-2}

@: about to teleport, corroded, berserk cooldown, slowed, very slow
A: retaliatory headbutt, horns 2, slimy green scales 1, blurry vision 1, clumsy
1, deformed body, low mp 1, screaming 1, weak 2, subdued magic 1
}: 2/15 runes: decaying, gossamer
a: Berserk, Trog's Hand, Brothers in Arms, Renounce Religion, Evoke Invisibility


You were on level 5 of the Pits of Slime.
You worshipped Trog.
Trog was exalted by your worship.
You were hungry.

You visited 7 branches of the dungeon, and saw 40 of its levels.
You also visited: Ice Cave.

You collected 4185 gold pieces.
You spent 1412 gold pieces at shops.

Inventory:

Hand Weapons
 F - the +9 whip "Nigoga Fiary" (weapon) {drain, rElec rC++ MR+}
   (You took it off an orc warrior on level 15 of the Dungeon)

   A truly terrible weapon, it drains the life of those it strikes.
   It greatly protects you from cold.
   It insulates you from electricity.
   It affects your resistance to hostile enchantments.
 R - the +7 hand axe "Liny" {vorpal, *Rage *Noise rF++ MR+++}
   (Trog gifted it to you on level 4 of the Pits of Slime)

   It inflicts extra damage upon your enemies.
   It greatly protects you from fire.
   It affects your resistance to hostile enchantments.
   It may make noises in combat.
   It may make you go berserk in combat.
 T - the +3 war axe of the First Ears {vorpal, MR+++}
   (Trog gifted it to you on level 3 of the Swamp)

   It inflicts extra damage upon your enemies.
   It affects your resistance to hostile enchantments.
 U - a +1 antimagic broad axe
Armour
 f - a +2 cloak of cold resistance (worn)
 o - the +0 hat of Vampiric Thralls (worn) {+Inv Dex+4 Slay+4 Stlth-}
   (You found it on level 2 of the Vaults)

   It affects your dexterity (+4).
   It affects your accuracy and damage with ranged weapons and melee attacks
   (+4).
   It lets you turn invisible.
   It makes you less stealthy.
 u - a +10 plate armour of ponderousness
 x - the +4 chain mail of the Spider Nest (worn) {rPois rC++}
   (You bought it in a shop on level 1 of the Orcish Mines)

   It greatly protects you from cold.
   It protects you from poison.
 z - +0 fire dragon scales
 C - a +2 pair of gloves of dexterity (worn)
 W - a +2 kite shield of reflection (worn)
Jewellery
 g - an uncursed amulet of faith
 n - an amulet of the acrobat (around neck)
 p - an uncursed ring of flight
 E - a +6 ring of dexterity (left hand)
 I - the ring "Ubloca Erias" (right hand) {*Contam MR+++ rCorr Str+8 Dex-2}
   (You found it on level 2 of the Spider Nest)

   [ring of resist corrosion]

   It affects your strength (+8).
   It affects your dexterity (-2).
   It affects your resistance to hostile enchantments.
   It causes magical contamination when unequipped.
   It provides partial protection from all sources of acid and corrosion.
 S - an uncursed ring of poison resistance
Wands
 a - a wand of clouds (11)
 y - a wand of polymorph (31)
 G - a wand of enslavement (10)
 H - a wand of paralysis (11)
Scrolls
 b - a scroll of holy word
 k - 4 scrolls of magic mapping
 l - 3 scrolls of summoning
 q - 8 scrolls of enchant armour
 r - 22 scrolls of teleportation
 s - 8 scrolls of enchant weapon
 w - 6 scrolls of fog
 D - 6 scrolls of fear
 K - 7 scrolls of identify
 M - a scroll of blinking
 N - 4 scrolls of vulnerability
 O - 12 scrolls of remove curse
 Q - a scroll of acquirement
 V - 2 scrolls of silence
 Y - 2 scrolls of immolation
Potions
 d - 3 potions of might
 e - 3 potions of invisibility
 h - 2 potions of mutation
 i - 10 potions of lignification
 j - 5 potions of flight
 m - 4 potions of haste
 t - 12 potions of curing
 v - a potion of magic
 A - 3 potions of cancellation
 B - a potion of stabbing
 J - 6 potions of heal wounds
 L - 2 potions of resistance
 P - 2 potions of ambrosia
Miscellaneous
 X - a box of beasts
Comestibles
 c - 27 rations


   Skills:
 O Level 27 Fighting
 + Level 15.0(15.9) Axes
 - Level 9.7(13.4) Maces & Flails
 * Level 20.9 Armour
 + Level 15.8 Dodging
 - Level 1.8 Stealth
 - Level 15.2 Shields
 + Level 1.4 Evocations


You had 20 spell levels left.
You didn't know any spells.
Your spell library was empty.

Dungeon Overview and Level Annotations

Branches:
Dungeon (15/15)            Temple (0/1) D:7            Lair (6/6) D:11
  Swamp (4/4) Lair:3       Spider (4/4) Lair:3        Slime (5/5) Lair:5
    Orc (2/2) D:9          Vaults (4/5) D:13          Crypt (0/3) Vaults:3
 Depths (0/5) D:15          IceCv (visited)
    Elf: Orc:2

Altars:
Ashenzari
Elyvilon
Fedhas
Kikubaaqudgha
Qazlal
Sif Muna
Trog
Vehumet
Xom
Yredelemnul
Zin
The Shining One
Beogh

Shops:
D:11 }   Orc:1 [   Orc:2 ((?[

Portals:
Trove: D:15 (give +3 storm dragon scales)

Annotations:
Lair:6 1 runed translucent door, nyroko's ghost, journeyman DrCj


Innate Abilities, Weirdness & Mutations

You reflexively headbutt those who attack you in melee.
You have a pair of horns on your head.
You are partially covered in slimy green scales. (AC +2)
Scrolls take you a little longer to read.
You are clumsy. (Dex -2)
Armour fits poorly on your strangely shaped body.
Your magical capacity is low. (-10% MP)
You occasionally shout uncontrollably at your foes.
You are very weak. (Str -4)
Your spells are a little easier to cast, but a little less powerful.


Message History

You are splashed with acid!
You resist.
* * * LOW HITPOINT WARNING * * *
You block the acid blob's attack.
You feel much better. The acid blob completely misses you.
You furiously retaliate!
You headbutt the acid blob!! The acid blob barely misses you.
You furiously retaliate!
You headbutt the acid blob! The azure jelly misses you.
You block the azure jelly's attack. The azure jelly completely misses you.
You block the azure jelly's attack. The acid blob spits acid at you.
The splash of acid hits you but does no damage.
You are splashed with acid.
You resist.
* * * LOW HITPOINT WARNING * * *
The acid blob hits you!
* * * LOW HITPOINT WARNING * * *
You are splashed with acid.
You resist.
* * * LOW HITPOINT WARNING * * *
The death ooze jiggles.
The acid blob completely misses you. The acid blob hits you!!
You die...

.
...................#####
# #.....................#
#...................#.#
###...................#
#....JJ.............#
#JJJJJJ............##
###JJJJJ............#
#.JJJJJ............# #:
##JJ@JJ............# ##
### ##.J...............#
.
#...#..................##
#.....................#
####...................
#.................... #.
##................... ##
#.................... #.
##...................#


You could see 8 acid blobs, 7 azure jellies and 8 death oozes.

Vanquished Creatures
  the Royal Jelly (Slime:5)
  Nikola (Swamp:2)
  A lich (Vaults:2)
  A sphinx (Vaults:2)
  18 acid blobs
  A tengu reaver (Vaults:2)
  9 azure jellies
  Donald (Swamp:1)
  Roxanne (Swamp:1)
  8 vault wardens
  The ghost of Sivaicke the Tortoise, an adept GrGl of the Shining One (Spider:2)
  A ghost moth (Spider:4)
  3 orc warlords (Vaults:1)
  A fire giant (Vaults:3)
  7 emperor scorpions
  7 ironheart preservers
  2 entropy weavers
  9 stone giants
  6 very ugly things
  2 spark wasps
  3 fire dragons
  A death ooze (Slime:4)
  2 ettins (Vaults:4)
  11 great orbs of eyes
  Josephine (D:14)
  13 yaktaur captains
  Erolcha (D:13)
  2 rakshasas
  24 hydras
  A centaur warrior (D:12)
  6 ice dragons
  5 shambling mangroves
  6 vault guards
  A death knight (Vaults:2)
  29 two-headed ogres
  3 ghost crabs (Swamp:4)
  8 alligators
  2 dancing weapons (D:13)
  11 ogre magi
  A tengu warrior (D:15)
  8 death scarabs (Spider:4)
  2 deep troll earth magi (Vaults:1)
  5 orc high priests
  Urug (D:10)
  6 deep elf knights
  A shadow wraith (Vaults:4)
  2 unseen horrors
  4 skeletal warriors (D:14)
  A deep troll (Vaults:1)
  2 flayed ghosts
  A spriggan druid (Swamp:2)
  9 wizards
  10 swamp dragons
  14 ironbrand convokers
  5 spectral wolf spiders (Spider:4)
  4 harpies (Vaults:3)
  A deep elf archer (Vaults:2)
  A necromancer (IceCv)
  12 orc knights
  2 wolf spider zombies (Spider:4)
  12 orb spiders
  17 deep elf magi
  2 oklob plants (Lair:4)
  29 wolf spiders
  4 cyclopes
  30 ugly things
  4 orc sorcerers
  An orb spider (shapeshifter) (Vaults:4)
  8 shining eyes
  5 moths of wrath
  3 manticores
  2 black mambas (shapeshifter)
  10 black mambas
  12 elephants
  3 naga magi (Vaults:2)
  2 gargoyles
  2 eyes of devastation
  2 ice statues
  30 spiny frogs
  12 vault sentinels
  5 rime drakes
  7 spectral redbacks (Spider:4)
  Psyche (D:12)
  4 centaur skeletons
  A kobold demonologist (D:15)
  2 redback zombies (Spider:4)
  11 freezing wraiths
  A tengu conjurer (Vaults:2)
  7 komodo dragons
  36 yaktaurs
  10 demonic crawlers
  A jumping spider (shapeshifter) (Vaults:3)
  3 polar bears
  4 spectral jumping spiders (Spider:4)
  31 jumping spiders
  A hornet (shapeshifter) (Vaults:4)
  9 trolls
  14 tyrant leeches
  A polar bear (shapeshifter) (Vaults:3)
  20 hornets
  5 bog bodies
  3 spectral tarantellas (Spider:4)
  3 tarantella zombies (Spider:4)
  A hippogriff (shapeshifter) (D:15)
  29 blink frogs
  9 dream sheep
  9 hippogriffs
  A meliai zombie (D:14)
  110 slime creatures
  2 shadows
  8 spriggans
  79 redbacks
  38 tarantellas
  A vampire (D:14)
  8 wraiths
  47 yaks
  A tarantella (shapeshifter) (Vaults:3)
  15 golden eyes
  3 wyverns
  6 hungry ghosts
  A steam dragon (D:11)
  3 basilisks
  2 death yak simulacra (IceCv)
  26 vampire mosquitoes
  17 swamp worms
  An acid dragon (Vaults:2)
  5 wargs
  An acid dragon (shapeshifter) (D:15)
  10 soldier ants
  6 insubstantial wisps (Swamp:4)
  2 floating eyes
  7 porcupines
  A spectral hornet (Spider:4)
  22 water moccasins
  12 ice beasts
  4 sky beasts
  10 swamp drakes
  6 black bears
  4 eyes of draining
  29 orc warriors
  A necrophage (D:15)
  A hornet zombie (Spider:4)
  27 ogres
  3 phantoms
  7 boggarts (Vaults:3)
  5 centaurs
  15 crocodiles
  4 big kobolds
  28 bullfrogs
  A wyvern zombie (D:12)
  4 scorpions
  3 killer bees (D:10)
  5 howler monkeys
  5 wights (D:12)
  2 vampire bats (D:3)
  2 electric eels
  A bullfrog zombie (D:10)
  4 crimson imps
  A quasit (D:12)
  3 draconian simulacra (IceCv)
  25 orc priests
  6 hounds
  22 orc wizards
  A bullfrog skeleton (D:12)
  Jessica (D:6)
  Ijyb (D:5)
  2 iguanas
  11 hell rats
  19 worker ants
  4 spriggan simulacra (IceCv)
  A polar bear simulacrum (IceCv)
  6 troll simulacra (IceCv)
  A wolf simulacrum (IceCv)
  3 centaur simulacra (IceCv)
  2 hound skeletons
  A worker ant zombie (D:6)
  Robin (D:2)
  3 gnolls (D:10)
  A howler monkey skeleton (D:7)
  14 adders
  A naga simulacrum (IceCv)
  3 river rats (Lair:3)
  3 shadow imps
  7 white imps
  2 oozes
  An adder skeleton (D:7)
  7 worms
  3 dart slugs
  5 leopard geckos
  116 orcs
  11 giant cockroaches
  23 goblins
  22 hobgoblins
  8 jackals
  6 quokkas
  17 bats
  5 frilled lizards
  27 kobolds
  A leopard gecko skeleton (D:6)
  A quokka skeleton (D:10)
  11 rats
  A fungus (D:6)
  A plant (Lair:4)
1738 creatures vanquished.

Vanquished Creatures (collateral kills)
  Arachne (Spider:2)
  The ghost of DearestLeader the Earth Mage, an adept GrEE of Vehumet (Vaults:1)
  An acid blob (Slime:1)
  A stone giant (Vaults:1)
  An entropy weaver (Spider:4)
  A yaktaur captain (Vaults:2)
  2 centaur warriors (D:12)
  A queen ant (Spider:4)
  An orc high priest (Orc:2)
  A skeletal warrior (Vaults:2)
  2 wizards (D:13)
  A flayed ghost (Vaults:2)
  A phantasmal warrior (Vaults:2)
  7 orb spiders (Spider:2)
  An ironbrand convoker (Vaults:2)
  An orc sorcerer (Orc:2)
  2 wolf spiders (Spider:2)
  A cyclops (Vaults:2)
  A manticore (D:12)
  2 shining eyes (Slime:1)
  3 freezing wraiths (IceCv)
  A yaktaur (shapeshifter) (D:12)
  3 demonic crawlers (Spider:2)
  6 jumping spiders (Spider:2)
  A troll (D:11)
  5 slime creatures (Slime:1)
  3 tarantellas
  3 yaks (D:12)
  3 redbacks (Spider:2)
  3 soldier ants (Spider:4)
  6 orc warriors
  An ice beast (shapeshifter) (D:12)
  An ogre (Orc:1)
  A scorpion (D:12)
  5 wights (D:11)
  A crimson imp (D:11)
  An orc priest (Orc:1)
  2 orc wizards (Orc:1)
  A bullfrog skeleton (D:11)
  A troll simulacrum (IceCv)
  7 worker ants (Spider:4)
  A bullfrog simulacrum (D:12)
  A centaur simulacrum (IceCv)
  A naga simulacrum (IceCv)
  6 white imps (IceCv)
  3 orcs
100 creatures vanquished.

Vanquished Creatures (others)
  An eldritch tentacle (Spider:2)
  An ironbrand convoker (Vaults:2)
  A redback (Spider:1)
  A yak (D:12)
  An orc (Vaults:1)
  A goblin (D:2)
  A kobold (D:2)
  14 fungi
  37 plants (Lair:6)
  5 toadstools (D:6)
63 creatures vanquished.

Grand Total: 1901 creatures vanquished

Notes
Turn   | Place    | Note
-------+----------+-------------------------------------------
     0 | D:1      | Erymatos the Minotaur Berserker began the quest for the
                  | Orb.
     0 | D:1      | Reached XP level 1. HP: 19/19 MP: 0/0
   396 | D:1      | Reached XP level 2. HP: 27/27 MP: 1/1
   475 | D:1      | Reached skill level 4 in Fighting
   770 | D:1      | Reached ** piety under Trog
  1020 | D:2      | Reached XP level 3. HP: 33/33 MP: 2/2
  1231 | D:2      | Noticed Robin
  1255 | D:2      | Killed Robin
  1255 | D:2      | Reached XP level 4. HP: 12/41 MP: 3/3
  1955 | D:2      | Reached skill level 5 in Axes
  2868 | D:3      | Found a faded altar of an unknown god.
  2918 | D:3      | Reached *** piety under Trog
  2944 | D:3      | Found a glowing silver altar of Zin.
  3039 | D:3      | Reached XP level 5. HP: 47/47 MP: 4/4
  3239 | D:3      | Found a shimmering altar of Xom.
  3365 | D:3      | Reached skill level 5 in Fighting
  4103 | D:4      | Reached XP level 6. HP: 48/56 MP: 5/5
  4779 | D:4      | Reached skill level 1 in Stealth
  4794 | D:4      | Reached **** piety under Trog
  4842 | D:4      | Reached skill level 1 in Shields
  5327 | D:5      | Entered Level 5 of the Dungeon
  5360 | D:5      | Reached XP level 7. HP: 61/61 MP: 6/6
  5549 | D:5      | Noticed Ijyb
  5560 | D:5      | Killed Ijyb
  6398 | D:6      | Noticed Jessica
  6412 | D:6      | Found a shimmering blue altar of Sif Muna.
  6434 | D:6      | Killed Jessica
  6434 | D:6      | Reached skill level 6 in Fighting
  6519 | D:6      | Found a white marble altar of Elyvilon.
  6573 | D:6      | Reached skill level 5 in Dodging
  6573 | D:6      | Reached XP level 8. HP: 47/70 MP: 7/7
  7042 | D:6      | Found a basalt altar of Yredelemnul.
  7492 | D:7      | Reached skill level 5 in Shields
  7681 | D:7      | Reached XP level 9. HP: 66/78 MP: 8/8
  7822 | D:7      | Found a staircase to the Ecumenical Temple.
  7890 | D:7      | Found a flagged portal.
  8052 | D:7      | Reached skill level 7 in Fighting
  8149 | D:7      | Reached ***** piety under Trog
  8370 | D:8      | Found a glowing golden altar of the Shining One.
  8397 | D:8      | Reached skill level 10 in Axes
  8967 | D:8      | Reached skill level 5 in Armour
  9006 | D:8      | Found a blossoming altar of Fedhas.
  9093 | D:8      | Found a shattered altar of Ashenzari.
  9101 | D:8      | Found a shimmering altar of Xom.
  9684 | D:9      | Noticed a two-headed ogre
  9693 | D:9      | Killed a two-headed ogre
  9693 | D:9      | Reached skill level 8 in Fighting
  9693 | D:9      | Reached XP level 10. HP: 88/88 MP: 9/9
  9701 | D:9      | Found a staircase to the Orcish Mines.
  9880 | D:9      | Found a radiant altar of Vehumet.
 10047 | D:9      | Found a bloodstained altar of Trog.
 10069 | D:9      | Noticed a two-headed ogre
 10083 | D:9      | Killed a two-headed ogre
 10543 | D:10     | Entered Level 10 of the Dungeon
 10661 | D:10     | Noticed Urug
 10665 | D:10     | Received a gift from Trog
 10680 | D:10     | Killed Urug
 10680 | D:10     | Reached skill level 10 in Shields
 11724 | D:11     | Noticed a green ugly thing
 11743 | D:11     | Killed a green ugly thing
 11743 | D:11     | Reached XP level 11. HP: 78/95 MP: 10/10
 12459 | D:11     | Killed an unseen horror
 12459 | D:11     | Reached skill level 9 in Fighting
 12658 | D:11     | Noticed a five-headed hydra
 12668 | D:11     | Killed an 11-headed hydra
 13042 | D:11     | Found Peoz's Gadget Shop.
 13198 | D:11     | Received a gift from Trog
 13200 | D:11     | Found a staircase to the Lair.
 13610 | D:12     | Noticed a centaur warrior
 13615 | D:12     | Killed a centaur warrior
 13996 | D:12     | Noticed a two-headed ogre
 14009 | D:12     | Killed a two-headed ogre
 14009 | D:12     | Reached XP level 12. HP: 106/106 MP: 11/11
 14136 | D:12     | Noticed a centaur warrior
 14138 | D:12     | Noticed Psyche
 14148 | D:12     | Noticed a centaur warrior
 14152 | D:12     | Killed Psyche
 14161 | D:12     | HP: 3/106 [centaur warrior/arrow (4)]
 14162 | D:12     | Killed a centaur warrior
 14163 | D:12     | Killed a centaur warrior
 14353 | D:12     | Noticed a two-headed ogre
 14362 | D:12     | Killed a two-headed ogre
 14362 | D:12     | Reached skill level 10 in Fighting
 14951 | D:13     | Noticed a two-headed ogre
 14959 | D:13     | Killed a two-headed ogre
 14961 | D:13     | Paralysed by a wizard for 3 turns
 14963 | D:13     | Noticed a two-headed ogre
 15336 | D:13     | Found a gate to the Vaults.
 15571 | D:13     | Paralysed by a wizard for 2 turns
 15690 | D:13     | Noticed an ogre mage
 15700 | D:13     | Killed an ogre mage
 15741 | D:13     | Noticed a six-headed hydra
 15834 | D:13     | Killed an 11-headed hydra
 15834 | D:13     | Reached skill level 11 in Fighting
 15971 | D:13     | Killed a two-headed ogre
 16302 | D:13     | Paralysed by an orc sorcerer for 5 turns
 16311 | D:13     | Reached XP level 13. HP: 116/116 MP: 12/12
 16660 | D:13     | Noticed Erolcha
 16666 | D:13     | Paralysed by something for 2 turns
 17038 | D:13     | Found a stormy altar of Qazlal.
 17341 | D:13     | Got a polished helmet
 17361 | D:13     | Killed Erolcha
 17529 | D:13     | Got a crystal dagger
 17530 | D:13     | Identified the +3 dagger "Cawyrhast" {vorpal, +Fly rElec
                  | Int+4 Dex+4} (You found it on level 13 of the Dungeon)
 17540 | D:13     | Identified a scroll of acquirement
 17611 | D:14     | Reached skill level 12 in Fighting
 18832 | D:14     | Received a gift from Trog
 19073 | D:14     | Noticed Josephine
 19086 | D:14     | Killed Josephine
 19086 | D:14     | Reached skill level 15 in Shields
 19257 | D:15     | Entered Level 15 of the Dungeon
 19306 | D:15     | Reached skill level 13 in Fighting
 19306 | D:15     | Reached skill level 10 in Armour
 19501 | D:15     | Found a portal to a secret trove of treasure.
 19562 | D:15     | Identified the +9 whip "Nigoga Fiary" {drain, rElec rC++
                  | MR+}
 20051 | D:15     | Reached skill level 15 in Axes
 20056 | D:15     | Reached skill level 1 in Maces & Flails
 20056 | D:15     | Reached XP level 14. HP: 129/129 MP: 13/13
 20323 | D:15     | Found a staircase to the Depths.
 20333 | D:15     | Reached skill level 10 in Dodging
 20775 | Lair:1   | Entered Level 1 of the Lair of Beasts
 21559 | Lair:1   | Reached skill level 5 in Maces & Flails
 21778 | Lair:1   | Got a shimmering ring mail
 21789 | Lair:1   | Identified the +4 ring mail of the Red Skies {rN+ Str+2
                  | Slay-2} (You found it on level 1 of the Lair of Beasts)
 22446 | Lair:2   | Reached skill level 14 in Fighting
 22458 | Lair:2   | Received a gift from Trog
 23293 | Lair:3   | Found a hole to the Spider Nest.
 23605 | Lair:3   | Found a frozen archway.
 23614 | IceCv    | Entered an ice cave
 24204 | IceCv    | Found an ancient bone altar of Kikubaaqudgha.
 24397 | IceCv    | Received a gift from Trog
 24838 | Lair:3   | Found a staircase to the Swamp.
 25497 | Lair:4   | Reached XP level 15. HP: 123/139 MP: 14/14
 26068 | Lair:5   | Reached skill level 15 in Fighting
 26493 | Lair:5   | Received a gift from Trog
 26511 | Lair:5   | Found a staircase to the Slime Pits.
 26982 | Lair:6   | Entered Level 6 of the Lair of Beasts
 27373 | Lair:6   | Reached skill level 16 in Fighting
 27525 | Lair:6   | Received a gift from Trog
 27736 | Lair:6   | Found a runed translucent door.
 28007 | Lair:6   | Got a dull robe
 28316 | Lair:6   | Noticed nyroko's ghost (journeyman DrCj)
 28374 | Lair:6   | Identified the cursed +1 robe of Feasting {*Corrode rN+++
                  | MP+9 Dex+2} (You found it on level 6 of the Lair of Beasts)
 28462 | Swamp:1  | Entered Level 1 of the Swamp
 28496 | Swamp:1  | Reached skill level 17 in Fighting
 29048 | Swamp:1  | Received a gift from Trog
 29152 | Swamp:1  | Noticed Donald
 29166 | Swamp:1  | Killed Donald
 29854 | Swamp:1  | Noticed Roxanne
 29886 | Swamp:1  | Killed Roxanne
 30287 | Orc:1    | Entered Level 1 of the Orcish Mines
 30317 | Orc:1    | Reached XP level 16. HP: 157/157 MP: 15/15
 30325 | Orc:1    | You fall into a shaft and drop 1 floor!
 30325 | Orc:2    | Entered Level 2 of the Orcish Mines
 30532 | Orc:2    | Reached skill level 18 in Fighting
 30544 | Orc:2    | Found Lerchaz's Antique Weapon Boutique.
 30544 | Orc:2    | Found Terieg's Weapon Shoppe.
 30714 | Orc:2    | Found Leycsafofe's Antique Armour Boutique.
 30714 | Orc:2    | Found Wemeorr's Magic Scroll Shoppe.
 31001 | Orc:2    | Reached ****** piety under Trog
 31017 | Orc:2    | Received a gift from Trog
 31210 | Orc:2    | Found a roughly hewn altar of Beogh.
 31485 | Orc:2    | Bought a slimy leather armour for 259 gold pieces
 31485 | Orc:2    | Bought an ancient leather armour for 259 gold pieces
 31486 | Orc:2    | Bought a scroll of identify for 26 gold pieces
 31486 | Orc:2    | Bought a scroll of fog for 26 gold pieces
 31486 | Orc:2    | Bought a scroll of identify for 26 gold pieces
 31486 | Orc:2    | Bought a scroll of enchant weapon for 97 gold pieces
 31486 | Orc:2    | Bought a scroll of teleportation for 39 gold pieces
 31486 | Orc:2    | Bought a scroll of identify for 26 gold pieces
 31486 | Orc:2    | Bought a scroll of identify for 26 gold pieces
 31486 | Orc:2    | Bought a scroll of identify for 26 gold pieces
 31486 | Orc:2    | Bought a scroll of enchant armour for 97 gold pieces
 31486 | Orc:2    | Bought a scroll of blinking for 97 gold pieces
 31499 | Orc:2    | Identified the +1 leather armour of Mutualism {rC+ SInv}
                  | (You bought it in a shop on level 2 of the Orcish Mines)
 31509 | Orc:2    | Identified the +3 leather armour of Damp Happiness {MR+
                  | Regen+} (You bought it in a shop on level 2 of the Orcish
                  | Mines)
 31643 | Orc:1    | Found Fyamodou's Antique Armour Boutique.
 31654 | Orc:1    | Bought a transparent chain mail for 228 gold pieces
 31995 | Orc:1    | Identified the +4 chain mail of the Spider Nest {rPois
                  | rC++} (You bought it in a shop on level 1 of the Orcish
                  | Mines)
 32019 | Orc:1    | Bought a pair of embroidered gloves for 180 gold pieces
 32309 | Spider:1 | Entered Level 1 of the Spider Nest
 33366 | Spider:2 | Noticed Arachne
 33415 | Spider:2 | Killed Arachne
 33750 | Spider:2 | Found a transporter.
 33815 | Spider:2 | Reached skill level 19 in Fighting
 33862 | Spider:2 | Noticed Sivaicke's ghost (adept GrGl)
 33863 | Spider:2 | Found a runed translucent gate.
 33864 | Spider:2 | Found a runed translucent gate.
 33864 | Spider:2 | Found a runed translucent gate.
 33910 | Spider:2 | Killed Sivaicke's ghost
 34019 | Spider:2 | Paralysed by a Zot trap for 4 turns
 34057 | Spider:2 | Gained mutation: You tend to lose your temper in combat.
                  | [mutagenic glow]
 34108 | Spider:2 | Gained mutation: Scrolls take you a little longer to read.
                  | [mutagenic glow]
 34132 | Spider:2 | Gained mutation: Potions are less effective at restoring
                  | your health. [mutagenic glow]
 34161 | Spider:2 | Gained mutation: Armour fits poorly on your strangely
                  | shaped body. [mutagenic glow]
 34453 | Spider:2 | Found a transporter.
 34465 | Spider:2 | Got a crude ivory ring
 34474 | Spider:2 | Got a glittering bone ring
 34479 | Spider:2 | Identified the ring "Ubloca Erias" {*Contam MR+++ rCorr
                  | Str+8 Dex-2} (You found it on level 2 of the Spider Nest)
 34481 | Spider:2 | Identified the ring "Rupyel" {rElec MR+ Stlth-} (You found
                  | it on level 2 of the Spider Nest)
 34482 | Spider:2 | Got a wavering glass ring
 34484 | Spider:2 | Identified the cursed ring of Decsoa Edwu {Str-4 Dex+4}
                  | (You found it on level 2 of the Spider Nest)
 34485 | Spider:2 | Lost mutation: Potions are less effective at restoring your
                  | health. [potion of mutation]
 34485 | Spider:2 | Lost mutation: You tend to lose your temper in combat.
                  | [potion of mutation]
 34485 | Spider:2 | Lost mutation: Armour fits poorly on your strangely shaped
                  | body. [potion of mutation]
 34485 | Spider:2 | Gained mutation: You are partially covered in slimy green
                  | scales. (AC +2) [potion of mutation]
 34485 | Spider:2 | Gained mutation: Your spells are a little harder to cast,
                  | but a little more powerful. [potion of mutation]
 34609 | Spider:2 | Received a gift from Trog
 35195 | Spider:3 | Reached XP level 17. HP: 168/168 MP: 16/16
 35787 | Spider:3 | Received a gift from Trog
 36264 | Spider:4 | Entered Level 4 of the Spider Nest
 36321 | Spider:4 | Got an ancient chain mail
 36361 | Spider:4 | Identified the +4 chain mail of the Stone Wall {rF- MR++
                  | rCorr Str+2} (You found it on level 4 of the Spider Nest)
 36827 | Spider:4 | Reached skill level 20 in Fighting
 37437 | Spider:4 | Reached skill level 15 in Armour
 37966 | Spider:4 | Got a transparent ring mail
 37977 | Spider:4 | Identified the +0 ring mail "Ciliggal" {rF++} (You found it
                  | on level 4 of the Spider Nest)
 38441 | Spider:4 | Reached skill level 21 in Fighting
 38509 | Spider:4 | Got a gossamer rune of Zot
 39245 | Swamp:2  | Reached XP level 18. HP: 182/182 MP: 17/17
 39514 | Swamp:2  | Noticed Nikola
 39527 | Swamp:2  | Killed Nikola
 39826 | Swamp:3  | Received a gift from Trog
 40046 | Swamp:4  | Entered Level 4 of the Swamp
 40064 | Swamp:3  | Got a steaming war axe {god gift}
 40065 | Swamp:3  | Identified the +3 war axe of the First Ears {vorpal, MR+++}
                  | (Trog gifted it to you on level 3 of the Swamp)
 40755 | Swamp:4  | Reached skill level 22 in Fighting
 41461 | Swamp:4  | Got a decaying rune of Zot
 42198 | Vaults:1 | Entered Level 1 of the Vaults
 42251 | Vaults:1 | Found a blossoming altar of Fedhas.
 42262 | Vaults:1 | Found a magical portal.
 42327 | Vaults:1 | Got a warped ring mail
 42344 | Vaults:1 | Identified the cursed +0 ring mail "Necorixt" {Regen+} (You
                  | found it on level 1 of the Vaults)
 42758 | Vaults:1 | Received a gift from Trog
 43228 | Vaults:1 | Reached skill level 23 in Fighting
 43347 | Vaults:1 | Found a runed translucent gate.
 43347 | Vaults:1 | Identified the +5 great mace of Zechy {vorpal, rF+ Int+5}
 43348 | Vaults:1 | Found a runed translucent gate.
 43348 | Vaults:1 | Found a runed translucent gate.
 43350 | Vaults:1 | Noticed DearestLeader's ghost (adept GrEE)
 43360 | Vaults:1 | Found a roughly hewn altar of Beogh.
 43385 | Vaults:1 | Reached XP level 19. HP: 195/195 MP: 18/18
 43426 | Vaults:1 | Killed DearestLeader's ghost
 43789 | Vaults:1 | Received a gift from Trog
 45193 | Vaults:2 | Got an ichor-stained hat
 45209 | Vaults:2 | Identified the cursed +0 hat of Vampiric Thralls {+Inv
                  | Dex+4 Slay+4 Stlth-} (You found it on level 2 of the
                  | Vaults)
 45218 | Vaults:2 | Found a radiant altar of Vehumet.
 45232 | Vaults:2 | Reached skill level 24 in Fighting
 45288 | Vaults:2 | Got a shimmering robe
 45290 | Vaults:2 | Got an ancient robe
 45301 | Vaults:2 | Identified the +0 robe "Sousunte" {rElec rPois Dex-5} (You
                  | found it on level 2 of the Vaults)
 45311 | Vaults:2 | Identified the +0 robe of Fumicif {Harm +Blink MP+9 Str-2}
                  | (You found it on level 2 of the Vaults)
 45591 | Vaults:2 | Received a gift from Trog
 46274 | Vaults:3 | Reached skill level 1 in Evocations
 46683 | Vaults:3 | Reached XP level 20. HP: 209/209 MP: 19/19
 46852 | Vaults:3 | Found a staircase to the Crypt.
 46852 | Vaults:3 | Found an ancient bone altar of Kikubaaqudgha.
 46853 | Vaults:3 | Found a basalt altar of Yredelemnul.
 47075 | Vaults:3 | Received a gift from Trog
 47141 | Vaults:3 | Reached skill level 15 in Dodging
 47508 | Vaults:3 | Reached skill level 25 in Fighting
 50325 | Lair:1   | Got an ancient long sword
 50328 | Lair:1   | Identified the cursed +1 long sword "Hoaqif" {pain, rPois
                  | rF+ Str+4} (You found it on level 1 of the Lair of Beasts)
 50412 | Slime:1  | Entered Level 1 of the Pits of Slime
 50414 | Slime:1  | Gained mutation: Your magical capacity is low. (-10% MP) [a
                  | shining eye]
 50415 | Slime:1  | Gained mutation: Your spells are harder to cast, but more
                  | powerful. [a shining eye]
 50420 | Slime:1  | Received a gift from Trog
 50454 | Slime:1  | Lost mutation: Your spells are harder to cast, but more
                  | powerful. [a shining eye]
 50595 | Slime:1  | Reached skill level 26 in Fighting
 50622 | Slime:1  | Gained mutation: You are weak. (Str -2) [a shining eye]
 50646 | Slime:1  | Gained mutation: You are clumsy. (Dex -2) [a shining eye]
 50649 | Slime:1  | Gained mutation: Armour fits poorly on your strangely
                  | shaped body. [a shining eye]
 50651 | Slime:1  | Gained mutation: You are very weak. (Str -4) [a shining
                  | eye]
 50657 | Slime:1  | Gained mutation: You occasionally shout uncontrollably at
                  | your foes. [a shining eye]
 51428 | Slime:2  | Lost mutation: Your spells are a little harder to cast, but
                  | a little more powerful. [a shining eye]
 51845 | Slime:3  | Reached XP level 21. HP: 222/222 MP: 18/18
 52133 | Slime:4  | Received a gift from Trog
 52187 | Slime:4  | Paralysed by a floating eye for 4 turns
 52281 | Slime:4  | Got a crude hand axe {god gift}
 52282 | Slime:4  | Identified the +7 hand axe "Liny" {vorpal, *Rage *Noise
                  | rF++ MR+++} (Trog gifted it to you on level 4 of the Pits
                  | of Slime)
 52402 | Slime:5  | Entered Level 5 of the Pits of Slime
 52694 | Slime:5  | Paralysed by a floating eye for 2 turns
 52699 | Slime:5  | Gained mutation: Your spells are a little easier to cast,
                  | but a little less powerful. [a shining eye]
 53223 | Slime:5  | Reached skill level 27 in Fighting
 53277 | Slime:5  | Received a gift from Trog
 54050 | Slime:5  | Noticed the Royal Jelly
 54067 | Slime:5  | Killed the Royal Jelly
 54079 | Slime:5  | Slain by an acid blob

Illustrated notes

Levels and vault maps discovered:
D:1:      dpeg_arrival_solitude, layout_basic, skrybe_limestone_x
D:2:      layout_basic, minmay_strange_pillars, chequers_serial_rivers_small_3,
          lemuel_another_geyser, uniq_robin
D:3:      layout_basic, zin_academy, lemuel_round_altar,
          chequers_ecumenical_altar_simple, first_ration, minivault_14,
          roderic_batcave
D:4:      layout_basic, minmay_manual_mandibuliform
D:5:      layout_gridville, uniq_ijyb
D:6:      layout_basic, kennysheep_mini_moat, elyvilon_altar_4, tgw_sif,
          minmay_gold_behind_fungi
D:7:      layout_gridville, minmay_temple_entry_proselytizer, enter_bailey_3
D:8:      layout_layer_cave, overflow_temple_1_default, fedhas_altar_2,
          tso_altar, basic_altar
D:9:      layout_gridville, vehumet_altar_wand_db, hiddenorc2_lemuel,
          trog_ov_bears_minmay
D:10:     layout_irregular_city, uniq_urug
D:11:     layout_basic, erik_lair_dragon, serial_shops, kennysheep_mini,
          gauntlet_entry_generic
D:12:     minmay_curly_fans, layout_basic, uniq_psyche
D:13:     minmay_tri_stars, layout_basic, erik_vaults_1, grunt_pizzeria,
          grunt_qazlal_sundering, uniq_erolcha
D:14:     cheibrodos_orc_bank, layout_long_grid, kennysheep_another_room,
          uniq_josephine
D:15:     grunt_enter_depths_magical_seal, layout_irregular_city,
          nicolae_trove_entry_free_sample, minivault_16
Lair:1:   layout_cave_pods, nzn_random_ring
Lair:2:   layout_loops_ring, serial_bayou_shore_b
Lair:3:   layout_chaotic_city, minmay_swamp_entry_swarm, spider_nest_entry_webs,
          portal_ice_cave_rime, kennysheep_abandoned_house
Lair:4:   layout_roguey, beast_lair_carwin_10
Lair:5:   layout_loops_ring, minmay_slime_entry_pillars
Lair:6:   minmay_lair_end_frog_pond, layout_misc_corridors,
          ebering_ghost_reflecting_pool, chequers_serial_rivers_large_a,
          serial_bayou_shore_a, lemuel_fruit_tree
Swamp:1:  layout_basic_swamp, serial_swamp_ruin, evilmike_swamp_ruin_house_6,
          evilmike_swamp_ruin_house_1, swamp_pool5, uniq_donald, uniq_roxanne
Swamp:2:  layout_basic_swamp, evilmike_swamp_ruin_rubble_2, swamp_pool2,
          uniq_nikola
Swamp:3:  layout_basic_swamp, evilmike_swamp_ruin_house_2
Swamp:4:  swamp_alternative, layout_basic_swamp, swamp_pool5
Spider:1: layout_spider_delve
Spider:2: gammafunk_its_a_trap, gammafunk_ghost_split, uniq_arachne
Spider:3: layout_spider_delve, drop_trap
Spider:4: floodkiller_spider_rune_tomb, minmay_another_anthill
Slime:1:  layout_caves
Slime:2:  layout_caves
Slime:3:  layout_caves
Slime:4:  layout_caves
Slime:5
Orc:1:    layout_caves, serial_shops, shop, nicolae_volcano_entry_lava_flow
Orc:2:    grunt_orc_tribal_feast, layout_caves, minmay_orc_temple_c
Vaults:1: biasface_vaults_ghost_orc_armoury, v_misc_10, v_misc_2,
          hangedman_vaults_slither, vaults_room_boxed, vaults_mumra_lcd,
          st_cross, nicolae_vaults_three_branches, ontoclasm_vaults_ring_square,
          ontoclasm_vaults_ring_square, ontoclasm_vaults_eye, vaults_room_pools,
          ontoclasm_vaults_ring_square, nicolae_vaults_little_squares_5,
          layout_vaults_omnicross, mu_enter_wizlab_6, basic_altar
Vaults:2: vaults_room_semicircle, nicolae_vaults_little_squares_6,
          grunt_vaults_swirl, grunt_tower_of_power, v_misc_1,
          vaults_standard_mumra_enter_the_diamond,
          ontoclasm_vaults_decontamination, v_rooms_6, layout_vaults_maze_bifur
Vaults:3: minmay_crypt_entry_necro_gods, ontoclasm_vaults_fault,
          vaults_dpeg_cross, vaults_room_corners, hangedman_vaults_restitches,
          hangedman_vaults_stretched_pinwheel, nicolae_vaults_big_ls,
          ontoclasm_vaults_loading_screen, nicolae_vaults_murderbox,
          layout_vaults_quadrants
Vaults:4: nicolae_vaults_twisting_passages, nicolae_vaults_hallways_thing,
          ontoclasm_vaults_misaligned, vaults_room_fours, serial_ice_h,
          v_misc_30, v_misc_25, vaults_standard_mumra_x, vaults_room_grid,
          ontoclasm_vaults_gateway, v_misc_17, ontoclasm_vaults_misaligned,
          hangedman_vaults_maws, v_misc_19, layout_vaults_big_room

Skill      XL: |  1  2  3  4  5  6  7  8  9 10 11 12 13 14 15 16 17 18 19 20 21 |
---------------+----------------------------------------------------------------+-----
Axes           | 4 5 6 7 8 9 11 12 13 14 15 | 15.0
Fighting       | 4 5 6 8 9 11 13 14 17 19 21 23 24 26 27 | 27.0
Dodging        | 3 4 5 6 7 8 9 10 12 13 14 15 | 15.8
Stealth        | 1 |  1.8
Shields        | 1 3 5 8 10 12 14 15 | 15.2
Armour         | 3 5 6 7 9 10 11 13 15 17 18 19 20 | 20.9
Maces & Flails | 1 9 |  9.7
Evocations     | 1 |  1.4

Action                   |  1- 3 |  4- 6 |  7- 9 | 10-12 | 13-15 | 16-18 | 19-21 || total
-------------------------+-------+-------+-------+-------+-------+-------+-------++-------
Melee: Hand axe          |    80 |   171 |   290 |   661 |   272 |       |       ||  1474
       Headbutt          |    10 |    30 |    93 |   189 |   612 |   827 |   671 ||  2432
       Whip              |       |       |       |       |  1298 |  2174 |  1537 ||  5009
       Dagger            |       |       |       |       |    42 |       |       ||    42
Invok: Berserk           |     1 |     1 |     3 |    13 |    20 |    19 |    10 ||    67
       Brothers in Arms  |       |       |       |     4 |     2 |    17 |     7 ||    30
       Trog's Hand       |       |       |       |     4 |     3 |    11 |     3 ||    21
 Abil: Evoke Blink       |       |       |       |       |       |       |     2 ||     2
       Evoke Invisibilit |       |       |       |       |       |       |     1 ||     1
  Use: Scroll            |       |       |     4 |       |    24 |     9 |     4 ||    41
       Potion            |       |       |       |     1 |     1 |     2 |     3 ||     7
 Stab: Sleeping          |       |     2 |     5 |     1 |     6 |       |       ||    14
       Distracted        |       |       |       |       |     2 |     5 |       ||     7
  Eat: Chunk             |     1 |    15 |    18 |    26 |    49 |    43 |    22 ||   174
       Ration            |       |       |       |     4 |     5 |     8 |     8 ||    25
Armor: Animal skin       |    12 |    22 |     5 |       |       |       |       ||    39
       Leather armour    |       |       |     8 |       |       |       |       ||     8
       Ring mail         |       |       |    30 |    76 |   174 |       |       ||   280
       Chain mail        |       |       |       |       |     9 |   477 |   115 ||   601
       Plate armour      |       |       |       |       |       |       |    68 ||    68
       Fire dragon scale |       |       |       |       |       |       |    29 ||    29
Dodge: Dodged            |    61 |   104 |   104 |   266 |   567 |  1082 |   497 ||  2681
Block: Kite shield       |       |    28 |   115 |   304 |   875 |  1468 |   806 ||  3596
       Reflection        |       |       |       |       |    13 |    22 |    75 ||   110
